 Dungeon Crawl Stone Soup version 0.28-a0-973-ga7f8b01127 (webtiles) character file.

Game seed: 8056356768787935824

443 croobank the Ducker (level 7, -8/59 HPs)
             Began as a Gnoll Monk on Dec 1, 2021.
             Mangled by Menkaure (15 damage)
             ... on level 4 of the Dungeon.
             The game lasted 00:23:46 (2990 turns).

croobank the Ducker (Gnoll Monk)                    Turns: 2990, Time: 00:23:47

Health: -8/59      AC:  9    Str: 12    XL:     7   Next: 2%
Magic:  10/10      EV: 13    Int:  9    God:
Gold:   32         SH:  5    Dex: 15    Spells: 5/10 levels left

rFire   . . .      SeeInvis .   a - +0 hand axe
rCold   . . .      Faith    .   (no shield)
rNeg    . . .      Spirit   .   y - +0 ring mail
rPois   +          Reflect  +   p - +2 hat
rElec   .          Harm     .   (no cloak)
rCorr   .          Rampage  .   s - +0 pair of gloves
Will    .....                   e - +0 pair of boots
Stlth   ++........              t - amulet of reflection
HPRegen 0.19/turn               h - ring of poison resistance
MPRegen 0.12/turn               (no ring)

@: no status effects
A: fangs 1, strong nose, distributed training
a: no special abilities


You were on level 4 of the Dungeon.
You visited 1 branch of the dungeon, and saw 4 of its levels.

You collected 164 gold pieces.
You spent 132 gold pieces at shops.

Inventory:

Hand Weapons
 a - a +0 hand axe (weapon)
 d - a +0 dagger
 n - a +0 spear
Missiles
 g - 122 stones
 m - 16 poisoned darts (quivered)
 r - 33 sling bullets
 w - 5 atropa-tipped darts
Armour
 e - a +0 pair of boots (worn)
 j - a +0 plate armour
 p - a +2 hat (worn)
 s - a +0 pair of gloves (worn)
 v - a +0 leather armour
 y - a +0 ring mail (worn)
Jewellery
 h - a ring of poison resistance (left hand)
 t - an amulet of reflection (around neck)
Scrolls
 b - a scroll of enchant armour {unknown}
 u - 3 scrolls of torment {unknown}
 x - a scroll of amnesia {unknown}
 z - a scroll of identify {unknown}
 A - a scroll of blinking
Potions
 c - a potion of berserk rage {unknown}
 i - a potion of mutation {unknown}
 k - a potion of cancellation {unknown}
 o - a potion of brilliance {unknown}
 q - a potion of flight {unknown}


   Skills:
 + Level 6.9 Fighting
 + Level 2.2 Short Blades
 + Level 2.2 Long Blades
 + Level 6.9 Axes
 + Level 2.2 Maces & Flails
 + Level 2.2 Polearms
 + Level 2.2 Staves
 + Level 2.2 Slings
 + Level 2.2 Bows
 + Level 2.2 Crossbows
 + Level 2.2 Throwing
 + Level 2.2 Armour
 + Level 6.9 Dodging
 + Level 4.7 Stealth
 + Level 2.2 Shields
 + Level 2.2 Unarmed Combat
 + Level 2.2 Spellcasting
 + Level 1.8 Conjurations
 + Level 1.8 Hexes
 + Level 1.8 Summonings
 + Level 1.8 Necromancy
 + Level 1.8 Translocations
 + Level 1.8 Transmutations
 + Level 1.8 Fire Magic
 + Level 1.8 Ice Magic
 + Level 1.8 Air Magic
 + Level 1.8 Earth Magic
 + Level 1.8 Poison Magic
 + Level 2.4 Invocations
 + Level 2.2 Evocations


You had 5 spell levels left.
You knew the following spells:

 Your Spells              Type           Power      Damage    Failure   Level
a - Ozocubu's Armour      Ice            4%         N/A       71%         3
b - Blink                 Tloc           8%         N/A       45%         2

Your spell library contained the following spells:

 Spells                   Type           Power      Damage    Failure   Level
 Lesser Beckoning         Tloc           4%         N/A       71%         3
 Animate Dead             Necr           2%         N/A       98%         4
 Borgnjor's Vile Clutch   Necr/Erth      2%         N/A       100%        5
 Iskenderun's Battlesphe  Conj           4%         2d6       100%        5
 Manifold Assault         Tloc           4%         N/A       100%        5
 Death Channel            Necr           2%         N/A       100%        6
 Iron Shot                Conj/Erth      2%         9d2       100%        6
 Ozocubu's Refrigeration  Ice            2%         4d5       100%        7
 Spellforged Servitor     Conj/Summ      2%         N/A       100%        7


Dungeon Overview and Level Annotations

Branches:
Dungeon (4/15)
 Temple: D:4-7

Altars:
The Shining One

Shops:
D:3 !

Annotations:
D:3 3 runed translucent doors, petzl's ghost, amateur OpAM; siradein's ghost, weakling DsFi
D:4 Menkaure


Innate Abilities, Weirdness & Mutations

You have very sharp teeth.
Your uncanny sense of smell can sniff out nearby items.
Your experience applies equally to all skills.


Message History

You hit Menkaure.
Menkaure is severely damaged.
Menkaure closely misses you.
Sorry, you're not good enough to have a special ability.
Unknown command.
You hit Menkaure but do no damage.
Menkaure is severely damaged.
Menkaure hits you!
* * * LOW HITPOINT WARNING * * *
You feel better.
Menkaure gestures at you while chanting.
Pain shoots through your body!
* * * LOW HITPOINT WARNING * * *
You feel better. Menkaure closely misses you.
You slash Menkaure! Your bite misses Menkaure.
Menkaure is almost destroyed.
Menkaure closely misses you. Menkaure completely misses you.
You hit Menkaure.
Menkaure is almost destroyed.
Menkaure casts a spell at you. Pain shoots through your body!
* * * LOW HITPOINT WARNING * * *
You hit Menkaure but do no damage.
Menkaure is almost destroyed.
Menkaure calls on the powers of darkness!
Your body is wracked with pain!
* * * LOW HITPOINT WARNING * * *
You hit Menkaure but do no damage.
Menkaure is almost destroyed.
You block Menkaure's attack.
You hit Menkaure but do no damage.
Menkaure is almost destroyed.
Menkaure completely misses you.
You barely miss Menkaure.
Menkaure is almost destroyed.
Menkaure barely misses you.
You barely miss Menkaure.
Menkaure is almost destroyed.
Menkaure closely misses you. Menkaure hits you!
You die...

∆ # .#
#####..##
#.......# #
#M@.(...#
#.#####
###.).......
#.#...#
#.........##
#.....#
#.#.......#
###...#
#.#.........
####.##
#.#.(.....##
.)...##
#.####.#.##
###...#######.#
.#.#
#...........#
.. .


You could see Menkaure (fast).

Vanquished Creatures
  Grinder (D:3)
  A wyvern skeleton (D:3)
  A howler monkey (D:3)
  An orc wizard (D:3)
  4 adders
  An ufetubus (D:4)
  An adder skeleton (D:2)
  A dart slug (D:3)
  7 orcs
  5 bats
  11 endoplasms
  A giant cockroach (D:1)
  7 goblins
  5 hobgoblins (D:1)
  3 jackals (D:1)
  8 kobolds
  4 quokkas
  7 ball pythons
  2 frilled lizards
  7 rats
78 creatures vanquished.

Vanquished Creatures (others)
  6 withered plants (D:3)
6 creatures vanquished.

Grand Total: 84 creatures vanquished

Notes
Turn   | Place    | Note
-------+----------+-------------------------------------------
     0 | D:1      | croobank the Gnoll Monk began the quest for the Orb.
     0 | D:1      | Reached XP level 1. HP: 23/23 MP: 1/1
   145 | D:1      | Reached XP level 2. HP: 29/29 MP: 2/2
   331 | D:1      | Reached XP level 3. HP: 26/35 MP: 3/3
   491 | D:1      | Learned a level 3 spell: Ozocubu's Armour
   738 | D:1      | Found a faded altar of an unknown god.
  1339 | D:2      | Reached skill level 1 in Invocations
  1476 | D:2      | Reached skill level 1 in Short Blades
  1476 | D:2      | Reached skill level 1 in Long Blades
  1476 | D:2      | Reached skill level 1 in Maces & Flails
  1476 | D:2      | Reached skill level 1 in Polearms
  1476 | D:2      | Reached skill level 1 in Staves
  1476 | D:2      | Reached skill level 1 in Slings
  1476 | D:2      | Reached skill level 1 in Bows
  1476 | D:2      | Reached skill level 1 in Crossbows
  1476 | D:2      | Reached skill level 1 in Throwing
  1476 | D:2      | Reached skill level 1 in Armour
  1476 | D:2      | Reached skill level 1 in Shields
  1476 | D:2      | Reached skill level 1 in Unarmed Combat
  1476 | D:2      | Reached skill level 1 in Spellcasting
  1476 | D:2      | Reached skill level 1 in Evocations
  1491 | D:2      | Reached XP level 4. HP: 37/41 MP: 5/5
  1656 | D:3      | Reached skill level 1 in Conjurations
  1656 | D:3      | Reached skill level 1 in Hexes
  1656 | D:3      | Reached skill level 1 in Summonings
  1656 | D:3      | Reached skill level 1 in Necromancy
  1656 | D:3      | Reached skill level 1 in Translocations
  1656 | D:3      | Reached skill level 1 in Transmutations
  1656 | D:3      | Reached skill level 1 in Fire Magic
  1656 | D:3      | Reached skill level 1 in Ice Magic
  1656 | D:3      | Reached skill level 1 in Air Magic
  1656 | D:3      | Reached skill level 1 in Earth Magic
  1656 | D:3      | Reached skill level 1 in Poison Magic
  1656 | D:3      | Reached XP level 5. HP: 37/47 MP: 5/7
  1755 | D:3      | Found Sihih's Distillery.
  2120 | D:3      | Noticed Grinder
  2171 | D:3      | Bought a potion of might for 44 gold pieces
  2171 | D:3      | Bought a potion of heal wounds for 55 gold pieces
  2171 | D:3      | Bought a potion of curing for 33 gold pieces
  2232 | D:3      | Paralysed by Grinder for 7 turns
  2268 | D:3      | Found a glowing golden altar of the Shining One.
  2379 | D:3      | Learned a level 2 spell: Blink
  2397 | D:3      | Paralysed by Grinder for 4 turns
  2408 | D:3      | Paralysed by Grinder for 4 turns
  2438 | D:3      | Killed Grinder
  2439 | D:3      | Reached XP level 6. HP: 30/53 MP: 7/9
  2722 | D:3      | Found a runed translucent gate.
  2722 | D:3      | Found a runed translucent gate.
  2722 | D:3      | Found a runed translucent gate.
  2722 | D:3      | Noticed petzl's ghost (amateur OpAM)
  2723 | D:3      | Noticed siradein's ghost (weakling DsFi)
  2880 | D:4      | Reached XP level 7. HP: 58/59 MP: 10/10
  2962 | D:4      | Noticed Menkaure
  2990 | D:4      | Mangled by Menkaure

Illustrated notes

Levels and vault maps discovered:
D:1:      eino_arrival_cavern_e, layout_basic,
          shapermc_ecumenical_altar_totnotflames,
          chequers_serial_rivers_large_b, minmay_pentomino_t4
D:2:      layout_basic
D:3:      layout_rooms, mainiacjoe_overflow_surrounded_room, serial_shops, shop,
          gammafunk_ghost_cemetery, uniq_grinder
D:4:      cheibrodos_greedy_goblins, layout_loops_ring, uniq_edmund,
          uniq_menkaure, uniq_ijyb, uniq_natasha

Skill      XL: |  1  2  3  4  5 |
---------------+----------------+-----
Invocations    | 1 2 |  2.4
Short Blades   | 1 2 |  2.2
Long Blades    | 1 2 |  2.2
Maces & Flails | 1 2 |  2.2
Polearms       | 1 2 |  2.2
Staves         | 1 2 |  2.2
Slings         | 1 2 |  2.2
Bows           | 1 2 |  2.2
Crossbows      | 1 2 |  2.2
Throwing       | 1 2 |  2.2
Armour         | 1 2 |  2.2
Shields        | 1 2 |  2.2
Unarmed Combat | 1 2 |  2.2
Spellcasting   | 1 2 |  2.2
Evocations     | 1 2 |  2.2
Conjurations   | 1 |  1.8
Hexes          | 1 |  1.8
Summonings     | 1 |  1.8
Necromancy     | 1 |  1.8
Translocations | 1 |  1.8
Transmutations | 1 |  1.8
Fire Magic     | 1 |  1.8
Ice Magic      | 1 |  1.8
Air Magic      | 1 |  1.8
Earth Magic    | 1 |  1.8
Poison Magic   | 1 |  1.8
Fighting       | |  6.9
Axes           | |  6.9
Dodging        | |  6.9
Stealth        | |  4.7

Action                   |  1- 3 |  4- 6 |  7- 9 || total
-------------------------+-------+-------+-------++-------
Melee: Hand axe          |    95 |   151 |    38 ||   284
       Bite              |     6 |    13 |     4 ||    23
       Punch             |       |     1 |     2 ||     3
Throw: Dart              |       |     9 |       ||     9
  Use: Scroll            |     2 |       |       ||     2
       Potion            |       |     2 |     4 ||     6
 Stab: Sleeping          |    10 |     6 |     1 ||    17
       Distracted        |       |     2 |       ||     2
Armor: Robe              |    18 |     9 |       ||    27
       Leather armour    |       |    14 |     8 ||    22
       Ring mail         |       |       |     4 ||     4
Dodge: Dodged            |    66 |    91 |    32 ||   189
Block: Other             |       |    22 |     7 ||    29
       Reflection        |       |     2 |       ||     2

Table legend: (Time is in decaauts)
 A = Elapsed time spent in this place.
 B = Non-inter-level travel time spent in this place.
 C = Inter-level travel time spent in this place.
 D = Time resting spent in this place.
 E = Time spent auto-exploring this place.
 F = Levels seen in this place.
 G = Mean time per level.
                   A        B        C        D        E       F      G
               +--------+--------+--------+--------+--------+-----+--------+
         Total |   3029 |   2914 |    115 |    306 |   1551 |   4 |  757.2 |
       Dungeon |   3029 |   2914 |    115 |    306 |   1551 |   4 |  757.2 |
               +--------+--------+--------+--------+--------+-----+--------+

Top non-repeatable levels by time:
     D:1: 1105 daAuts
     D:3: 978 daAuts
     D:2: 823 daAuts
     D:4: 121 daAuts
